 Dungeon Crawl Stone Soup version 0.30.1 (webtiles) character file.

Game seed: 9636064035145061760

94 Graphine the Grave Robber (level 4, -1/30 HPs)
             Began as a Vampire Necromancer on July 9, 2023.
             Succumbed to Crazy Yiuf's poison
             ... on level 2 of the Dungeon.
             The game lasted 00:05:29 (1472 turns).

Graphine the Grave Robber (Vampire Necromancer)     Turns: 1472, Time: 00:05:29

Health: -1/30      AC:  3    Str:  7    XL:     4   Next: 38%
Magic:  8/8        EV: 13    Int: 19    God:
Gold:   126        SH:  0    Dex: 14    Spells: 0/8 levels left

rFire   . . .        g - +0 short sword
rCold   . . .        (no shield)
rNeg    . . .        a - +0 robe
rPois   .            k - +0 helmet
rElec   .            (no cloak)
rCorr   .            (no gloves)
SInv    +            (no boots)
Will    .....        (no amulet)
Stlth   +++          (no ring)
HPRegen 0.45/turn    (no ring)
MPRegen 0.11/turn

%: no passive effects
@: lethally poisoned (-1 -> -15), animating dead, healing quickly
A: alive, fangs 3, see invisible, vampiric 2
a: Exsanguinate


You were on level 2 of the Dungeon.
You visited 1 branch of the dungeon, and saw 2 of its levels.

You collected 126 gold pieces.

Inventory:

Hand Weapons
 d - a +3 sling
 g - a +0 short sword (weapon)
Armour
 a - a +0 robe (worn)
 k - a +0 helmet (worn)
Wands
 j - a wand of roots (3)
Scrolls
 c - a scroll of immolation {unknown}
 e - 4 scrolls of identify {unknown}
 f - a scroll of teleportation {unknown}
 h - a scroll of enchant weapon {unknown}
 i - a scroll of noise {unknown}


   Skills:
 + Level 3.2 Dodging
 + Level 4.3 Stealth
 + Level 2.7 Spellcasting
 * Level 5.0 Necromancy


You couldn't memorise any spells.
You knew the following spells:

 Your Spells              Type           Power      Damage    Failure   Level
a - Necrotise             Necr           84%        1d8       1%          1
b - Vampiric Draining     Necr           21%        2d7       6%          3
c - Animate Dead          Necr           21%        N/A       19%         4

Your spell library contained the following spells:

 Spells                   Type           Power      Damage    Failure   Level
 Agony                    Necr           21%        N/A       47%         5


Dungeon Overview and Level Annotations

Branches:
Dungeon (2/15)

Altars:

Shops:
D:2 [*

Annotations:
D:2 Crazy Yiuf


Innate Abilities, Weirdness & Mutations

Your natural rate of healing is accelerated.
You have razor-sharp teeth.
You have supernaturally acute eyesight. (SInv)
You are afflicted with vampirism and can become a bat while bloodless.


Message History

Confirm with . or Enter, or press ? or * to list all spells.
Aiming: Necrotise (safe; 1% risk of failure)
Press: ? - help, Shift-Dir - straight line, f/p - bat
Aim: a bat (chance to affect: 90%)
The bat writhes in agony!
You kill the bat!
The dead are flying!
You swap places.
Found a hammer.
Found a runed translucent door.
Crazy Yiuf shouts!
Casting: Necrotise (safe; 1% risk of failure)
Confirm with . or Enter, or press ? or * to list all spells.
The spell is extremely dangerous to miscast (19% risk of failure)!
Continue anyway?
You call upon the dead to rise.
You open the door.
Your bat skeleton crumbles into dust!
You hit Crazy Yiuf but do no damage.
Crazy Yiuf says, "Action down eyeball!"
Crazy Yiuf zaps a wand.
The roots erupt in riotous growth!
The grasping roots grab you!
Crazy Yiuf is unaffected.
The grasping roots constrict you.
You hit Crazy Yiuf.
Crazy Yiuf is moderately wounded.
Crazy Yiuf hits you with a +2 quarterstaff of chaos!
The grasping roots constrict you.
Casting: Animate Dead (extremely dangerous; 19% risk of failure)
Confirm with . or Enter, or press ? or * to list all spells.
Aiming: Vampiric Draining (dangerous; 6% risk of failure)
Press: ? - help, Shift-Dir - straight line, f - Crazy Yiuf
Aim: Crazy Yiuf, wielding a +2 quarterstaff of chaos, wearing a +2 cloak and carrying a wand of roots (1) (moderately wounded)
You draw life force from Crazy Yiuf.
You feel life coursing into your body.
Crazy Yiuf hits you with a +2 quarterstaff of chaos!
* * * LOW HITPOINT WARNING * * *
You are lethally poisoned!
The grasping roots constrict you.
* * * LOW HITPOINT WARNING * * *
The grasping roots release their grip on you.
Okay, then.
Magic courses through your body.
You die...

...........#
#....#
#.........'.
#......##.##
#....#
#.........##
##..#####.#
♣..PP♣
##.......##
##.# #.#
♣...♣♣
##.....##
#.#####.#
♣♣.♣♣
####...#####
#.......#
♣.♣♣
#...........
#.#######
♣♣.♣
#####...####
#.### ♣.♣♣
##)..####
###...# ♣♣@♣
#..).....
....#.# #g#
####))......
#.....# ...
#.......####
......#
#...#
##....).....
......#
#..)#
##.###)#####
.~...##
##### #..
#.# ....##
##.###.#
....#
#.....#
....#
####..#


You could see Crazy Yiuf.

Vanquished Creatures
  Robin (D:2)
  3 adders (D:2)
  A dart slug (D:1)
  3 endoplasms (D:1)
  9 goblins (D:2)
  9 hobgoblins
  7 jackals
  A quokka (D:2)
  3 ball pythons
  2 bats (D:2)
  2 frilled lizards
  A kobold (D:2)
  5 rats
47 creatures vanquished.

Vanquished Creatures (collateral kills)
  A ball python (D:1)
  2 goblins (D:2)
  A rat (D:1)
4 creatures vanquished.

Vanquished Creatures (others)
  9 goblin zombies (D:2)
  3 hobgoblin zombies (D:2)
12 creatures vanquished.

Grand Total: 63 creatures vanquished

Notes
Turn   | Place    | Note
-------+----------+-------------------------------------------
     0 | D:1      | Graphine the Vampire Necromancer began the quest for the
                  | Orb.
     0 | D:1      | Reached XP level 1. HP: 13/13 MP: 3/3
   198 | D:1      | Reached XP level 2. HP: 19/19 MP: 0/5
   737 | D:2      | Found Urempiq's Assorted Antiques.
   743 | D:2      | Gained mutation: You are afflicted with vampirism and can
                  | become a bat while bloodless. [Vampire growth]
   743 | D:2      | Reached XP level 3. HP: 24/24 MP: 4/6
  1039 | D:2      | Found Baytud's Antique Armour Shoppe.
  1109 | D:2      | Reached XP level 4. HP: 30/30 MP: 5/7
  1134 | D:2      | Learned a level 3 spell: Vampiric Draining
  1139 | D:2      | Learned a level 4 spell: Animate Dead
  1319 | D:2      | Noticed Robin
  1364 | D:2      | Killed Robin
  1365 | D:2      | Reached skill level 5 in Necromancy
  1463 | D:2      | Found a runed translucent door.
  1464 | D:2      | Noticed Crazy Yiuf
  1472 | D:2      | Succumbed to Crazy Yiuf's poison

Illustrated notes

Levels and vault maps discovered:
D:1:      minmay_arrival_five_plusses, layout_rooms
D:2:      layout_loops_corners, serial_shops, shop,
          nicolae_shop_back_alley_shop, nicolae_shop_back_alley_shop,
          nicolae_shop_tiny_waterfront, minivault_5, skrybe_limestone_x,
          uniq_robin, uniq_crazy_yiuf_cottage

Skill      XL: |  1  2  3  4 |
---------------+-------------+-----
Dodging        | 3 |  3.2
Stealth        | 4 |  4.3
Necromancy     | 5 |  5.0
Spellcasting   | |  2.7

Action                     |  1- 3 |  4- 6 || total
---------------------------+-------+-------++-------
  Melee: Unarmed           |    60 |       ||    60
         Bite              |     7 |     2 ||     9
         Short sword       |    15 |    21 ||    36
         Punch             |       |     1 ||     1
   Fire: Sling             |    19 |       ||    19
   Cast: Necrotise         |    38 |     7 ||    45
         Animate Dead      |       |     2 ||     2
         Vampiric Draining |       |     1 ||     1
    Use: Potion            |     3 |     1 ||     4
   Stab: Sleeping          |     1 |       ||     1
 Armour: Robe              |    18 |     5 ||    23
         Skin              |     3 |       ||     3
  Dodge: Dodged            |    60 |    17 ||    77
